 Dungeon Crawl Stone Soup version 0.23.2-40-g277498a001 (webtiles) character file.

Game seed: 12308080949678205619

35 Descartes the Grasshopper (level 3, -6/16 HPs)
             Began as a Felid Warper on Sept 7, 2019.
             Mangled by a worm (12 damage)
             ... on level 1 of the Dungeon.
             The game lasted 00:04:19 (1452 turns).

Descartes the Grasshopper (Felid Warper)            Turns: 1452, Time: 00:04:20

Health: -6/16      AC:  1    Str:  7    XL:     3   Next: 17%
Magic:  6/7        EV: 19    Int: 15    God:
Gold:   56         SH:  0    Dex: 15    Spells: 2/6 levels left
                                        Lives:  0   Deaths: 0

rFire    . . .     SeeInvis +     - Unarmed
rCold    . . .     Gourm    .   (shield unavailable)
rNeg     . . .     Faith    .   (armour unavailable)
rPois    .         Spirit   .   (helmet unavailable)
rElec    .         Reflect  .   (cloak unavailable)
rCorr    .         Harm     .   (gloves unavailable)
MR       .....                  (boots unavailable)
Stlth    ++........             (no amulet)
HPRegen  0.05/turn              (no ring)
MPRegen  0.10/turn              (no ring)

@: quick
A: very small, no armour, no weapons or thrown items, stealth, claws 1, fangs 3,
see invisible, carnivore, speed 1, shaggy fur 1, slow metabolism 1, sharp paws
a: no special abilities


You were on level 1 of the Dungeon.
You were very full.

You visited 1 branch of the dungeon, and saw 2 of its levels.

You collected 56 gold pieces.

Inventory:

Missiles
 d - 66 arrows
 f - 29 stones
Scrolls
 b - a scroll of blinking
 e - a scroll of enchant armour {unknown}
 h - a scroll of random uselessness {unknown}
Potions
 a - a potion of curing {unknown}
 i - a potion of degeneration {unknown}
Comestibles
 c - 4 rations
 g - a chunk of flesh


   Skills:
 + Level 2.2 Fighting
 * Level 3.6 Dodging
 * Level 1.7 Stealth
 * Level 2.5 Unarmed Combat
 + Level 2.1 Spellcasting
 + Level 0.6 Charms
 + Level 4.5 Translocations


You had 2 spell levels left.
You knew the following spells:

 Your Spells              Type           Power        Failure   Level  Hunger
a - Shroud of Golubria    Chrm/Tloc      #.........   12%         2    ###....
b - Blink                 Tloc           N/A          4%          2    ###....

Your spell library contained the following spells:

 Spells                   Type           Power        Failure   Level  Hunger
 Gell's Gravitas          Tloc           ###.......   10%         3    ###....
 Lesser Beckoning         Tloc           ###.......   10%         3    ###....
 Teleport Other           Tloc           ###.....     10%         3    ###....
 Passage of Golubria      Tloc           N/A          32%         4    #####..


Dungeon Overview and Level Annotations

Branches:
Dungeon (2/15)

Altars:


Innate Abilities, Weirdness & Mutations

You cannot wear armour.
You are incapable of wielding weapons or throwing items.
Your paws allow you to move quietly. (Stealth)
You have sharp claws.
You have razor-sharp teeth.
You have supernaturally acute eyesight. (SInv)
You are carnivorous and can eat meat at any time.
You cover ground quickly.
You are covered in fur. (AC +1)
You have a slow metabolism.
Your sharp claws are effective at attacking unaware monsters.


Message History

You scratch the worm.
The worm is heavily wounded.
The worm bites you!
Ouch! That really hurt!
You are too injured to fight recklessly!
You scratch the worm but do no damage.
The worm is moderately wounded.
The worm closely misses you.
You scratch the worm.
The worm is heavily wounded.
You scratch the worm.
The worm is heavily wounded.
The worm closely misses you.
You scratch the worm.
The worm is heavily wounded.
You scratch the worm.
The worm is severely wounded.
The worm bites you!
Ouch! That really hurt!
You die...

#.# #.....#..........
#.# #.###...#########
#.# #.# ##.## ## #.# #.#
#.# #######. #.#
###.####.###.......
#.###....(...##...####.
#...............#.# ##
#.##..w....#.##...# #
#### #.##..@....#.######
#
...########....#.......#
#
.#..........##.......#.#
#
...###########.......#.#
# #.## #.......#.# # #.#
###..####.# # #.# #..#
#.# ### # #.# #..## #.#
##.### #.# #...# #.#
##.#.##


You could see a worm.

Vanquished Creatures
  2 oozes (D:1)
  An adder skeleton (D:2)
  2 dart slugs
  A leopard gecko (D:1)
  A bat (D:1)
  2 giant cockroaches (D:1)
  4 goblins (D:1)
  A hobgoblin (D:1)
  A frilled lizard (D:1)
  2 kobolds (D:1)
  2 rats (D:1)
19 creatures vanquished.

Notes
Turn   | Place    | Note
-------+----------+-------------------------------------------
     0 | D:1      | Descartes the Felid Warper began the quest for the Orb.
     0 | D:1      | Reached XP level 1. HP: 9/9 MP: 4/4
    91 | D:1      | Reached skill level 1 in Stealth
    91 | D:1      | Reached XP level 2. HP: 9/13 MP: 6/6
   190 | D:1      | Learned a level 2 spell: Shroud of Golubria
   193 | D:1      | Learned a level 2 spell: Blink
  1053 | D:2      | Reached XP level 3. HP: 9/16 MP: 7/7
  1452 | D:1      | Mangled by a worm

Skill      XL: |  1 |
---------------+----+-----
Stealth        | 1 |  1.7
Fighting       | |  2.2
Dodging        | |  3.6
Unarmed Combat | |  2.5
Spellcasting   | |  2.1
Charms         | |  0.6
Translocations | |  4.5

Action                   || total
-------------------------++-------
Melee: Unarmed           ||    85
       Bite              ||     6
 Cast: Shroud of Golubri ||     2
 Stab: Sleeping          ||     3
  Eat: Chunk             ||     8
Armor: Skin              ||     1
Dodge: Dodged            ||    60
